Map: Newkirk Precinct TE (Void)

Players

Neeb - Winner!

  • Race: Protoss Protoss
  • Spawn Location: 5:00

SpeCial

  • Race: Terran Terran
  • Spawn Location: 7:00

Event: WCS Austin 2017

VOD

Have the link to the VOD?

Description

Time

  • Played on: April 30, 2017, 11:56 a.m.
  • Length: 12:55

All games in this series

Show
View Real Time Build Order
Export as new Build Order

Neeb Protoss - Winner!

Build Orders: Oracle Opening 

Get SALT Encoding   

  12  0:00  Probe (Chrono Boost)  
  13  0:11  Probe (Chrono Boost)  
  14  0:17  Pylon  
  14  0:22  Probe (Chrono Boost)  
  16  0:35  Probe (Chrono Boost)  
  16  0:36  Gateway  
  16  0:42  Assimilator  
  16  0:46  Probe (Chrono Boost)  
  17  0:51  Assimilator  
  17  0:56  Probe (Chrono Boost)  
  18  1:07  Probe (Chrono Boost)  
  19  1:18  Probe (Chrono Boost)  
  20  1:23  Cybernetics Core  
  20  1:26  Pylon  
  20  1:28  Probe (Chrono Boost)  
  21  1:39  Probe (Chrono Boost)  
  22  1:49  Probe (Chrono Boost)  
  23  2:00  Mothership Core (Chrono Boost)  
  25  2:02  Stargate, Adept  
  27  2:11  Warp Gate  
  27  2:30  Nexus  
  27  2:41  Oracle  
  27  2:43  Pylon  
  30  2:52  Probe (Chrono Boost)  
  30  3:04  Probe (Chrono Boost)  
  31  3:15  Oracle  
  31  3:16  Probe (Chrono Boost)  
  34  3:28  Probe (Chrono Boost)  
  34  3:40  Probe (Chrono Boost)  
  34  3:49  Probe (Chrono Boost), Oracle  
  34  3:52  Probe (Chrono Boost)  
  39  3:59  Probe (Chrono Boost)  
  41  4:04  Probe (Chrono Boost)  
  42  4:10  Probe (Chrono Boost), Pylon  
  42  4:13  Gateway  
  42  4:15  Gateway  
  42  4:16  Probe (Chrono Boost)  
  43  4:20  Probe (Chrono Boost)  
  44  4:28  Phoenix, Adept  
  44  4:29  Probe (Chrono Boost)  
  44  4:31  Probe (Chrono Boost)  
  50  4:41  Probe x2 (Chrono Boost), Pylon  
  52  4:50  Phoenix  
  52  4:52  Probe (Chrono Boost)  
  51  4:53  Probe (Chrono Boost)  
  51  4:59  Adept  
  55  5:02  Probe (Chrono Boost)  
  55  5:06  Twilight Council  
  57  5:07  Probe (Chrono Boost)  
  57  5:11  Adept x2  
  61  5:15  Phoenix  
  65  5:22  Probe (Chrono Boost)  
  65  5:24  Pylon  
  65  5:25  Adept  
  67  5:28  Probe (Chrono Boost)  
  67  5:33  Assimilator  
  67  5:35  Pylon  
  67  5:36  Phoenix  
  67  5:40  Resonating Glaives  
  69  5:53  Probe x2 (Chrono Boost)  
  71  5:57  Gateway  
  63  6:20  Probe (Chrono Boost)  
  60  6:29  Gateway, Phoenix  
  60  6:31  Gateway  
  63  6:33  Gateway  
  63  6:36  Adept x2  
  63  6:37  Adept  
  67  6:43  Probe x2 (Chrono Boost), Nexus  
  69  6:48  Pylon  
  69  6:49  Assimilator  
  69  6:51  Phoenix  
  70  6:55  Probe (Chrono Boost)  
  72  7:01  Pylon  
  72  7:05  Adept  
  72  7:07  Adept x2  
  78  7:12  Phoenix  
  78  7:14  Adept  
  80  7:20  Pylon  
  82  7:40  Adept x7  
  96  7:44  Phoenix  
  96  8:11  Phoenix  
  96  8:16  Adept x6  
  96  8:17  Adept  
  112  8:31  Blink  
  99  8:37  Adept x4  
  99  8:38  Phoenix  
  77  8:46  Probe x2 (Chrono Boost)  
  77  8:50  Sentry  
  77  8:51  Stalker x2  
  83  8:59  Probe (Chrono Boost)  
  82  9:07  Forge, Probe (Chrono Boost)  
  83  9:14  Stalker x3, Sentry  
  91  9:19  Probe (Chrono Boost)  
  91  9:20  Probe x2 (Chrono Boost)  
  94  9:27  Adept x2  
  94  9:29  Protoss Ground Weapons Level 1  
  94  9:30  Sentry  
  100  9:34  Pylon  
  100  9:38  Oracle  
  100  9:42  Probe (Chrono Boost)  
  104  9:51  Gateway  
  104  9:52  Gateway  
  104  10:01  Adept  
  104  10:02  Adept x3  
  104  10:04  Pylon  
  112  10:11  Stalker, Sentry  
  116  10:21  Pylon, Oracle  
  116  10:23  Pylon  
  116  10:25  Pylon  
  116  10:26  Photon Cannon  
  116  10:29  Adept  
  116  10:30  Adept  
  120  10:38  Stalker x2  
  122  10:55  Adept x4  
  128  11:14  Stalker x4  
  128  11:15  Stalker x2  
  128  11:16  Stalker  
  98  11:51  Adept x7  
  108  11:59  Adept  
  100  12:12  Stalker x5  
  100  12:13  Probe (Chrono Boost)  
  100  12:15  Probe x2 (Chrono Boost)  
  93  12:24  Assimilator x2, Probe (Chrono Boost)  
  93  12:27  Probe x2 (Chrono Boost), Stalker x3  
  102  12:34  Probe (Chrono Boost)  
  97  12:42  Stalker x4  
  97  12:43  Stalker  
  105  12:54  Adept x3  
Show
View Real Time Build Order
Export as new Build Order

SpeCial Terran 

Build Orders: Cyclone Opening, MMM Bio 

Get SALT Encoding   

  12  0:00  SCV  
  13  0:12  SCV  
  14  0:18  Supply Depot  
  14  0:24  Refinery  
  15  0:28  SCV  
  15  0:40  SCV  
  16  0:46  Barracks  
  16  0:52  SCV  
  17  1:04  SCV  
  18  1:17  SCV  
  20  1:33  Reaper, Orbital Command  
  20  1:54  Command Center  
  20  1:59  Factory  
  20  2:01  SCV  
  20  2:07  Barracks Reactor  
  21  2:14  SCV  
  22  2:16  Supply Depot  
  22  2:24  Refinery  
  22  2:26  SCV  
  22  2:39  Engineering Bay  
  22  2:42  Cyclone  
  25  2:45  Marine  
  25  2:48  Marine  
  27  2:54  SCV  
  28  3:03  Marine  
  29  3:05  Marine  
  29  3:06  Orbital Command  
  29  3:09  SCV  
  30  3:19  Missile Turret  
  28  3:21  Marine, SCV  
  28  3:28  Widow Mine  
  28  3:33  SCV  
  31  3:34  Marine  
  31  3:40  Marine  
  31  3:47  SCV  
  32  3:50  SCV  
  32  3:53  Marine  
  33  3:58  Marine  
  34  4:05  SCV  
  34  4:07  SCV  
  36  4:12  Command Center  
  36  4:14  Widow Mine  
  38  4:20  SCV  
  38  4:22  Marine x2, SCV  
  40  4:32  SCV  
  40  4:34  SCV  
  40  4:37  Supply Depot  
  42  4:44  SCV  
  43  4:46  SCV  
  43  4:48  Marine x2  
  46  4:59  Starport, SCV x2  
  48  5:07  Factory Tech Lab  
  48  5:11  SCV x2  
  48  5:12  Marine x2  
  52  5:18  Bunker  
  52  5:23  SCV  
  52  5:25  SCV  
  54  5:34  Orbital Command  
  54  5:35  SCV  
  55  5:43  SCV  
  55  5:46  Barracks  
  55  5:47  Barracks, SCV  
  55  5:51  Supply Depot  
  55  5:54  Marine  
  55  5:55  Stimpack, SCV  
  57  5:59  SCV x2  
  57  6:03  Factory Reactor  
  59  6:04  Starport Reactor  
  59  6:07  SCV  
  57  6:11  SCV  
  50  6:23  SCV x3  
  50  6:25  Marine  
  52  6:32  Missile Turret  
  51  6:33  Terran Infantry Weapons Level 1, Orbital Command  
  51  6:35  SCV x2  
  51  6:36  SCV  
  51  6:38  Marine  
  51  6:39  Marine  
  56  6:43  Marine  
  55  6:47  SCV  
  55  6:48  Medivac x2  
  55  6:49  SCV  
  55  6:50  Factory Reactor  
  55  6:51  Refinery  
  61  6:54  Supply Depot  
  61  7:00  Barracks, SCV  
  63  7:01  SCV  
  63  7:02  Barracks  
  63  7:03  Marine x3  
  63  7:06  Liberator  
  66  7:10  Missile Turret  
  66  7:13  SCV x2  
  68  7:20  Marine x2  
  68  7:21  Supply Depot, Marine  
  71  7:27  SCV x3  
  77  7:30  Refinery  
  77  7:32  Marine x2  
  79  7:37  Widow Mine  
  79  7:38  Marine x3  
  79  7:41  SCV  
  79  7:42  SCV  
  86  7:45  Supply Depot x2  
  86  7:50  Marine x2  
  86  7:52  Marine  
  86  7:53  Marine  
  86  7:56  Marine x3  
  80  8:08  Liberator, Marine x2  
  80  8:10  Marine x2  
  83  8:14  Marine  
  83  8:21  Marine  
  83  8:22  Widow Mine  
  78  8:35  Marine x2  
  64  8:43  Marine x2  
  64  8:44  Orbital Command  
  65  8:49  Marine  
  65  8:50  Marine  
  65  8:53  Marine  
  68  9:00  Medivac  
  70  9:08  Marine x2  
  72  9:15  Marine x2  
  66  9:18  Combat Shields  
  66  9:22  Marine x2  
  66  9:23  Marine  
  69  9:28  Medivac  
  69  9:30  Widow Mine  
  73  9:34  Widow Mine  
  73  9:36  SCV x2  
  77  9:42  Marine x3  
  77  9:44  Marine x2  
  82  9:49  Supply Depot  
  82  9:51  Marine x2  
  84  9:53  Liberator x2  
  86  10:04  Marine  
  85  10:10  SCV  
  85  10:11  SCV  
  85  10:12  Supply Depot  
  85  10:14  Marine  
  94  10:33  Widow Mine x2, Marine x3  
  94  10:34  Marine x4  
  102  10:35  Supply Depot  
  102  10:47  SCV  
  102  10:48  SCV  
  100  10:51  Marine x2  
  100  10:57  Marine x5  
  102  11:02  Widow Mine  
  109  11:07  Widow Mine  
  109  11:17  Liberator  
  109  11:18  Liberator  
  109  11:21  Missile Turret  
  109  11:26  Marine  
  110  11:32  Marine  
  91  11:49  Marauder, Marine  
  91  11:50  Marine  
  83  11:58  Widow Mine, Marine  
  83  11:59  Widow Mine  
  83  12:11  Marauder  
  83  12:17  Medivac, Marine  
  70  12:23  Marine x2  
  70  12:26  Marine  
  70  12:27  Marine x2  
  72  12:32  Marauder  
  72  12:35  Marine  
Tags
 
Add a new tag
Caveats
  • Supply blocks, unpowered buildings, or Contaminate may cause inaccurate times.
  • Supply counts are checked every 10 seconds.